 Dungeon Crawl Stone Soup version 0.19.5 (webtiles) character file.

104 HeyBub the Slasher (level 4, 0/61 HPs)
             Began as a Minotaur Monk on Apr 21, 2017.
             Succumbed to a scorpion's poison
             ... on level 2 of the Dungeon.
             The game lasted 00:01:52 (1238 turns).

HeyBub the Slasher (Minotaur Monk)                  Turns: 1238, Time: 00:01:53

Health: 0/61       AC: 22    Str: 16    XL:     4   Next: 52%
Magic:  3/3        EV:  2    Int:  7    God:
Gold:   71         SH:  0    Dex: 13    Spells: 0 memorised, 3 levels left

rFire  . . .     SeeInvis .     a - +0 falchion
rCold  . . .     Gourm    .     (armour currently unavailable)
rNeg   + + +     Faith    .     (no shield)
rPois  +         Spirit   .     (helmet currently unavailable)
rElec  .         Reflect  .     (cloak currently unavailable)
rCorr  .         Harm     .     (gloves currently unavailable)
MR     .....     NoTele   +     (boots currently unavailable)
Stlth  ++........               (no amulet)
                                (no ring)
                                (no ring)

@: lethally poisoned (0 -> -17), tree-form, hasted, drained, very quick
A: (retaliatory headbutt), (horns 0)
a: no special abilities


You were on level 2 of the Dungeon.
You were very hungry.
You were a tree.
You visited 1 branch of the dungeon, and saw 2 of its levels.

You collected 71 gold pieces.

Inventory:

Hand Weapons
 a - a +0 falchion (weapon)
Armour
 b - a +0 robe
 j - a +1 chain mail (melded)
Scrolls
 g - 3 scrolls of remove curse
 i - a scroll of immolation {unknown}
Potions
 f - 2 potions of flight
 k - a potion of agility {unknown}
 l - a potion of brilliance {unknown}
Comestibles
 c - 2 bread rations
 d - 2 meat rations


   Skills:
 + Level 4.5 Fighting
 + Level 4.6 Long Blades
 + Level 1.3 Armour
 + Level 4.0(3.9) Dodging
 + Level 2.0 Stealth


You had 3 spell levels left.
You didn't know any spells.

Dungeon Overview and Level Annotations

Branches:
Dungeon (2/15)

Altars:
Nemelex Xobeh


Innate Abilities, Weirdness & Mutations

((You reflexively headbutt those who attack you in melee.))
((You have a pair of horns on your head.))


Message History

You are more poisoned.
The scorpion poisons you!
You turn into a tree.
Your +1 chain mail melds into your body.
Your roots penetrate the ground.
* * * LOW HITPOINT WARNING * * *
You feel very sick.
The scorpion stings you but does no damage.
You hit the scorpion.
The scorpion is severely wounded.
* * * LOW HITPOINT WARNING * * *
You feel sick.
The scorpion stings you but does no damage.
You barely miss the scorpion.
The scorpion is severely wounded.
* * * LOW HITPOINT WARNING * * *
You feel sick.
The scorpion stings you but does no damage.
It was a potion of haste.
You feel yourself speed up.
You die...

#.<.......# *
#......[..# *
#.........# *
#.........#
#.........#
#.........#
#######'###
▓▓▓▓▓▓▓...▓▓▓▓▓▓*
▓⌠.♣†⌠▓...▓⌠...⌠*
▓..s..▓...▓.....*
▓.....▓...▓..:..*
▓.....▓._.▓.....*
▓⌠.©.⌠▓§.§▓⌠.©.⌠*
▓▓▓▓▓▓▓###▓▓▓▓▓▓*


You could see a scorpion.

Vanquished Creatures
  A bullfrog (D:2)
  An adder (D:2)
  A dart slug (D:1)
  A leopard gecko (D:2)
  2 giant cockroaches
  3 hobgoblins
  2 quokkas (D:2)
  3 bats (D:1)
  2 frilled lizards
  4 goblins (D:1)
  5 kobolds
  5 rats
30 creatures vanquished.

Notes
Turn   | Place    | Note
-------+----------+-------------------------------------------
     0 | D:1      | HeyBub the Minotaur Monk began the quest for the Orb.
     0 | D:1      | Reached XP level 1. HP: 19/19 MP: 0/0
   391 | D:1      | Reached XP level 2. HP: 27/27 MP: 1/1
  1115 | D:2      | Reached XP level 3. HP: 33/33 MP: 2/2
  1146 | D:2      | Found a sparkling altar of Nemelex Xobeh.
  1146 | D:2      | Noticed a scorpion
  1147 | D:2      | Noticed a bullfrog
  1227 | D:2      | Killed a bullfrog
  1227 | D:2      | Reached skill level 1 in Armour
  1227 | D:2      | Reached XP level 4. HP: 18/41 MP: 3/3
  1236 | D:2      | HP: 3/61 [poisoned by a scorpion]
  1237 | D:2      | HP: 1/61 [poisoned by a scorpion]
  1238 | D:2      | Succumbed to a scorpion's poison

Skill      XL: |  1  2  3 |
---------------+----------+-----
Fighting       | 4 |  4.5
Long Blades    | 4 |  4.6
Armour         | 1 |  1.3
Dodging        | 4 |  4.0
Stealth        | 2 |  2.0

Action                   |  1- 3 |  4- 6 || total
-------------------------+-------+-------++-------
Melee: Falchion          |    71 |     9 ||    80
       Headbutt          |    14 |     1 ||    15
  Use: Scroll            |     8 |       ||     8
       Potion            |       |     2 ||     2
 Stab: Sleeping          |     1 |       ||     1
Armor: Chain mail        |    41 |     3 ||    44
       Robe              |     2 |       ||     2
       Skin              |       |     3 ||     3
Dodge: Dodged            |    40 |     2 ||    42
       Rpst.: Falchion   |     9 |       ||     9
